 Dungeon Crawl Stone Soup version 0.25-a0-942-g87a53962fc (webtiles) character file.

Game seed: 15076528213599993303, levelgen mode: deterministic

268 Gwenloh the Grasshopper (level 6, -1/41 HPs)
             Began as a Halfling Warper on May 7, 2020.
             Killed from afar by an orc wizard (4 damage)
             ... with a puff of frost
             ... on level 3 of the Dungeon.
             The game lasted 00:11:00 (3647 turns).

Gwenloh the Grasshopper (Halfling Warper)           Turns: 3647, Time: 00:11:00

Health: -1/41      AC:  4    Str: 12    XL:     6   Next: 46%
Magic:  8/9        EV: 18    Int: 13    God:
Gold:   93         SH:  0    Dex: 14    Spells: 5/9 levels left

rFire    . . .     SeeInvis .   v - +0 scimitar
rCold    + . .     Gourm    .   (shield restricted)
rNeg     . . .     Faith    .   u - +1 leather armour
rPois    .         Spirit   .   (no helmet)
rElec    .         Reflect  .   (no cloak)
rCorr    .         Harm     .   (no gloves)
MR       .....                  (no boots)
Stlth    +.........             (no amulet)
HPRegen  0.13/turn              h - +3 ring of evasion
MPRegen  0.11/turn              k - ring of protection from cold

@: shrouded (expiring)
A: small, mutation resistance 1
a: no special abilities


You were on level 3 of the Dungeon.
You were hungry.

You visited 1 branch of the dungeon, and saw 3 of its levels.

You collected 93 gold pieces.

Inventory:

Hand Weapons
 a - a +0 short sword
 b - a +1 hunting sling
 v - a +0 scimitar (weapon)
Missiles
 c - 5 atropa-tipped darts
 e - 3 boomerangs of dispersal
 g - 63 stones (quivered)
 r - 20 sling bullets
Armour
 u - a +1 leather armour (worn)
Jewellery
 h - a +3 ring of evasion (left hand)
 k - a ring of protection from cold (right hand)
Scrolls
 d - 3 scrolls of blinking
 m - 3 scrolls of teleportation {unknown}
 n - 2 scrolls of fear {unknown}
 o - a scroll of identify
Potions
 i - a potion of curing {unknown}
 j - a potion of stabbing {unknown}
 l - a potion of haste {unknown}
 q - a potion of invisibility {unknown}
 t - 2 potions of resistance
Comestibles
 f - 4 rations


   Skills:
 + Level 2.4 Fighting
 + Level 3.3 Short Blades
 + Level 1.6(2.0) Slings
 - Level 1.0(1.2) Throwing
 + Level 2.3 Armour
 + Level 2.9 Dodging
 + Level 2.1 Spellcasting
 * Level 2.6 Charms
 * Level 4.4 Translocations


You had 5 spell levels left.
You knew the following spells:

 Your Spells              Type           Power        Failure   Level  Hunger
a - Blink                 Tloc           N/A          8%          2    ###....
b - Shroud of Golubria    Chrm/Tloc      ##....       12%         2    ###....

Your spell library contained the following spells:

 Spells                   Type           Power        Failure   Level  Hunger
 Gell's Gravitas          Tloc           ##........   16%         3    ####...
 Lesser Beckoning         Tloc           ##........   16%         3    ####...
 Teleport Other           Tloc           ##......     16%         3    ####...
 Passage of Golubria      Tloc           N/A          45%         4    #####..


Dungeon Overview and Level Annotations

Branches:
Dungeon (3/15)

Altars:
Gozag

Annotations:
D:3 2 transporters


Innate Abilities, Weirdness & Mutations

You are small and have problems with some larger weapons.
You are somewhat resistant to further mutation.


Message History

You closely miss something.
Your shroud begins to fray at the edges.
You hear some strange, mumbled words.
A puff of flame appears from out of thin air!
The puff of flame misses you. Something barely misses you.
You miss something.
You hear some strange, mumbled words.
A puff of frost appears from out of thin air!
The puff of frost misses you.
You closely miss something. Something hits you but does no damage.
You hear some strange, mumbled words.
A magic dart appears from out of thin air!
The magic dart hits you!
* * * LOW HITPOINT WARNING * * *
You closely miss something. Something closely misses you.
Something barely misses you.
You hear some strange, mumbled words.
A puff of frost appears from out of thin air!
The puff of frost hits you. You resist.
You die...

≈#≈S...# '≈....#
(r...# ....# ...#
..# #.#######(#
#...@{rr.(#
#########.#
#......# #.#.##.#
#.#'#######
#.#.....'.#
#.#.###.#.########
#.#.# #.#..[......
#.#.###.##########


You could see a river rat and a rat.

Vanquished Creatures
  A bullfrog (D:3)
  A centaur zombie (D:3)
  2 orc wizards (D:3)
  A worker ant (D:3)
  4 adders
  An adder zombie (D:3)
  3 worms
  A dart slug (D:1)
  2 leopard geckos
  2 orcs (D:3)
  2 ball pythons
  7 bats
  3 giant cockroaches
  5 goblins
  7 hobgoblins
  7 frilled lizards
  5 kobolds
  6 rats
60 creatures vanquished.

Notes
Turn   | Place    | Note
-------+----------+-------------------------------------------
     0 | D:1      | Gwenloh the Halfling Warper began the quest for the Orb.
     0 | D:1      | Reached XP level 1. HP: 14/14 MP: 3/3
   301 | D:1      | Reached XP level 2. HP: 19/19 MP: 4/4
   305 | D:1      | Learned a level 2 spell: Blink
   308 | D:1      | Learned a level 2 spell: Shroud of Golubria
   610 | D:1      | You fall into a shaft and drop 1 floor!
   628 | D:1      | Reached XP level 3. HP: 23/24 MP: 5/5
  1037 | D:2      | Reached skill level 1 in Charms
  1346 | D:2      | Reached XP level 4. HP: 24/29 MP: 4/6
  1455 | D:2      | Found an opulent altar of Gozag.
  2203 | D:3      | Reached XP level 5. HP: 3/34 MP: 7/7
  2527 | D:3      | Found a transporter.
  2531 | D:3      | Found a transporter.
  2567 | D:3      | Reached skill level 4 in Translocations
  2648 | D:3      | Noticed a bullfrog
  2660 | D:3      | Killed a bullfrog
  2660 | D:3      | Reached skill level 1 in Slings
  2838 | D:3      | Reached XP level 6. HP: 40/40 MP: 7/9
  3027 | D:3      | HP: 2/41 [something/puff of flame (8)]
  3647 | D:3      | Killed from afar by an orc wizard

Levels and vault maps discovered:
D:1:      dpeg_arrival_houses_and_road, layout_basic
D:2:      layout_basic, nicolae_overflow_crystal_walls, minmay_cupped
D:3:      gammafunk_wand_slinger, layout_rooms, portal_sewer_entry_e,
          minmay_misc_feat_encased

Skill      XL: |  1  2  3  4  5 |
---------------+----------------+-----
Fighting       | 2 |  2.4
Charms         | 1 2 |  2.6
Short Blades   | 3 |  3.3
Armour         | 2 |  2.3
Translocations | 4 |  4.4
Spellcasting   | 2 |  2.1
Slings         | 1 |  1.6
Throwing       | |  1.0
Dodging        | |  2.9

Action                   |  1- 3 |  4- 6 || total
-------------------------+-------+-------++-------
Melee: Short sword       |   108 |   114 ||   222
       Scimitar          |       |    32 ||    32
 Fire: Hunting sling     |       |    51 ||    51
Throw: Stone             |    39 |     5 ||    44
       Boomerang         |     2 |       ||     2
       Dart              |     4 |       ||     4
 Cast: Blink             |     2 |       ||     2
       Shroud of Golubri |     1 |     6 ||     7
  Use: Scroll            |       |     5 ||     5
 Stab: Invisible         |     1 |       ||     1
  Eat: Chunk             |     2 |     7 ||     9
Armor: Leather armour    |    20 |    25 ||    45
Dodge: Dodged            |    78 |   103 ||   181
       Rpst.: Scimitar   |       |     3 ||     3

Table legend:
 A = Non-vault XP
 B = Vault XP
 C = Vault XP percentage of total XP
 D = Non-vault monster count
 E = Vault monster count
 F = Vault count percentage of total count
                 A         B        C        D         E       F
            +---------+---------+-------+---------+---------+-------
      Total |     365 |      19 |   4.9 |      55 |       5 |   8.3
            +---------+---------+-------+---------+---------+-------
        D:1 |      33 |       0 |   0.0 |      18 |       0 |   0.0
        D:2 |      60 |      17 |  22.1 |      20 |       4 |  16.7
        D:3 |     272 |       2 |   0.7 |      17 |       1 |   5.6
            +---------+---------+-------+---------+---------+-------
